 Dungeon Crawl Stone Soup version 0.25.1-2-g60ff931df9 (webtiles) character file.

Game seed: 403251086183804299

14 Martska the Ruffian (level 2, -1/25 HPs)
             Began as a Naga Transmuter on Oct 14, 2020.
             Slain by an adder (5 damage)
             ... on level 2 of the Dungeon.
             The game lasted 00:01:13 (1656 turns).

Martska the Ruffian (Naga Transmuter)               Turns: 1656, Time: 00:01:13

Health: -1/25      AC:  1    Str: 12    XL:     2   Next: 41%
Magic:  5/5        EV: 10    Int: 13    God:
Gold:   71         SH:  0    Dex: 11    Spells: 4/5 levels left

rFire    + . .     SeeInvis +   c - +0 short sword
rCold    + . .     Gourm    .   (no shield)
rNeg     . . .     Faith    .   b - +0 robe
rPois    +         Spirit   .   (no helmet)
rElec    .         Reflect  .   k - scarf {rC+ rF+}
rCorr    .         Harm     .   (no gloves)
MR       .....                  (no barding)
Stlth    +.........             (no amulet)
HPRegen  0.08/turn              (no ring)
MPRegen  0.09/turn              (no ring)

@: short of breath, very slow
A: large, see invisible, deformed body, poison resistance, slowness 2, slow
metabolism 1, spit poison 1, AC +0
a: Spit Poison


You were on level 2 of the Dungeon.
You were hungry.

You visited 1 branch of the dungeon, and saw 2 of its levels.

You collected 71 gold pieces.

Inventory:

Hand Weapons
 c - a +0 short sword (weapon)
Missiles
 a - 42 arrows
Armour
 b - a +0 robe (worn)
 k - a scarf of resistance (worn)
Scrolls
 e - a scroll of identify {unknown}
 f - a scroll of remove curse {unknown}
 j - 2 scrolls of fog {unknown}
Potions
 g - 2 potions of resistance {unknown}
 h - 3 potions of might {unknown}
 i - a potion of curing {unknown}
Comestibles
 d - 4 rations
 l - 2 chunks of flesh


   Skills:
 - Level 1.0 Fighting
 - Level 1.5 Dodging
 - Level 3.0 Unarmed Combat
 - Level 2.0 Spellcasting
 + Level 3.0 Transmutations


You had 4 spell levels left.
You knew the following spells:

 Your Spells              Type           Power        Failure   Level  Hunger
a - Beastly Appendage     Tmut           #.....       8%          1    ##.....

Your spell library contained the following spells:

 Spells                   Type           Power        Failure   Level  Hunger
 Sticks to Snakes         Tmut           #.......     11%         2    ###....
 Spider Form              Tmut/Pois      #.........   38%         3    ####...
 Ice Form                 Ice/Tmut       #.......     80%         4    #####..
 Blade Hands              Tmut           #.........   90%         5    ######.


Dungeon Overview and Level Annotations

Branches:
Dungeon (2/15)

Altars:


Innate Abilities, Weirdness & Mutations

You cannot wear boots.
Your serpentine skin is tough. (AC +0)
You have supernaturally acute eyesight. (SInv)
Armour fits poorly on your strangely shaped body.
Your system is resistant to poisons. (rPois)
You cover ground very slowly.
You have a slow metabolism.
You can spit poison.


Message History

The adder bites you. x2; The hobgoblin hits you.
You are too injured to fight recklessly!
You are too injured to fight recklessly!
You are too injured to fight recklessly!
Press: ? - help, Shift-Dir - straight line, f - hobgoblin
Aim: a hobgoblin The splash of poison misses the hobgoblin.
You are feeling hungry.
The adder bites you.
* * * LOW HITPOINT WARNING * * *
The hobgoblin closely misses you.
You miss the adder.
The adder is severely wounded.
The adder bites you.
* * * LOW HITPOINT WARNING * * *
The hobgoblin closely misses you.
You miss the adder.
The adder is severely wounded.
The adder bites you.
You die...

#.(...#####......##
#...........÷.....##
#.....###..........#
#.....# #.#.......##
###.### #.######.##
#.# #.######.# #÷#
#........# #.#
########'## #<#
#@..# #.# #.Sg..#
#.# #.>.....# #.#
#.........# ...
+.........+ ...
#.........# ..#
##....=..## #..#
##.....##


You could see an adder and a hobgoblin.

Vanquished Creatures
  A leopard gecko (D:1)
  A goblin (D:1)
  A hobgoblin (D:1)
  2 jackals (D:1)
  3 kobolds (D:1)
  5 rats
13 creatures vanquished.

Notes
Turn   | Place    | Note
-------+----------+-------------------------------------------
     0 | D:1      | Martska the Naga Transmuter began the quest for the Orb.
     0 | D:1      | Reached XP level 1. HP: 18/18 MP: 3/3
   498 | D:1      | Reached XP level 2. HP: 21/25 MP: 5/5
  1656 | D:2      | Slain by an adder

Illustrated notes

Levels and vault maps discovered:
D:1:      dpeg_arrival_court, layout_basic, minivault_24, minmay_hexomino_p4
D:2:      layout_loops_corners, grunt_gozag_breadcrumbs

Skill      XL: |  1  2 |
---------------+-------+-----
Transmutations | 3 |  3.0
Fighting       | |  1.0
Dodging        | |  1.5
Unarmed Combat | |  3.0
Spellcasting   | |  2.0

Action                   || total
-------------------------++-------
Melee: Unarmed           ||    13
       Short sword       ||    32
 Abil: Spit Poison       ||     6
  Eat: Chunk             ||     1
Armor: Robe              ||     5
Dodge: Dodged            ||    26
